Map: Emerald City LE

Players

Dzizas

  • Race: Zerg Zerg
  • League: Gold
  • Spawn Location: 11:00

sulfarafan

  • Race: Terran Terran
  • League: Platinum
  • Spawn Location: 11:00

Massa - Winner!

  • Race: Terran Terran
  • League: Gold
  • Spawn Location: 5:00

qqq - Winner!

  • Race: Zerg Zerg
  • League: Platinum
  • Spawn Location: 5:00

VOD

Have the link to the VOD?

Description

Time

  • Played on: May 28, 2020, 4:04 a.m.
  • Length: 5:44
Show
View Real Time Build Order
Export as new Build Order

Dzizas Zerg 

Build Orders: Pool First 

Get SALT Encoding   

  12  0:03  Drone  
  13  0:09  Drone  
  14  0:23  Overlord  
  14  0:29  Extractor  
  14  0:30  Drone  
  14  0:43  Spawning Pool  
  14  0:46  Drone  
  14  0:52  Drone x2  
  16  1:01  Drone  
  17  1:12  Drone  
  18  1:35  Drone  
  18  1:36  Hatchery  
  18  1:55  Queen  
  18  1:56  Drone x2  
  22  2:27  Spine Crawler  
  22  2:47  Overlord  
  22  2:48  Overlord  
  22  2:50  Queen  
  23  2:57  Lair  
  23  2:58  Extractor  
  22  3:18  Drone x3  
  25  3:20  Drone x3  
  28  3:31  Queen  
  28  3:32  Drone  
  31  3:36  Drone x3  
  34  3:45  Drone  
  35  3:50  Drone  
  36  4:01  Evolution Chamber x2  
  34  4:05  Drone x2  
  34  4:06  Hydralisk Den  
  35  4:16  Drone x4  
  39  4:26  Zergling x8  
  28  4:54  Hydralisk x3, Zergling x4  
  36  5:00  Hydralisk x3  
  36  5:01  Hydralisk  
Show
View Real Time Build Order
Export as new Build Order

sulfarafan Terran 

Build Orders:  

Get SALT Encoding   

  12  0:01  SCV  
  13  0:14  SCV  
  14  0:18  Supply Depot  
  14  0:27  SCV  
  15  0:39  SCV  
  15  0:42  Barracks  
  16  0:45  Refinery  
  16  1:00  SCV  
  17  1:12  SCV  
  18  1:24  SCV  
  19  1:36  Orbital Command  
  19  1:41  Command Center  
  19  1:43  Barracks Reactor  
  19  2:05  SCV  
  20  2:22  Factory  
  20  2:24  Barracks  
  20  2:27  SCV  
  21  2:38  Supply Depot  
  21  2:42  SCV, Marine  
  23  2:51  Refinery  
  23  2:52  Marine  
  23  3:09  Marine  
  24  3:14  Barracks Tech Lab  
  24  3:15  Factory Tech Lab  
  24  3:17  Starport  
  24  3:19  Barracks  
  24  3:22  Marine  
  24  3:24  SCV  
  27  3:31  Orbital Command  
  27  3:33  Marine  
  28  3:37  Marauder  
  28  3:39  Stimpack  
  28  3:41  SCV  
  29  3:53  SCV  
  30  4:06  Marine x2  
  30  4:07  Marauder  
  34  4:10  Barracks Reactor  
  34  4:13  SCV x2  
  34  4:16  Starport Tech Lab  
  35  4:26  Marine  
  30  4:37  Marine  
  30  4:38  Marine  
  32  4:40  Medivac  
  32  4:52  Marine x2  
  31  4:53  Marine  
  30  5:05  Marine  
  28  5:23  Marine x2  
Show
View Real Time Build Order
Export as new Build Order

Massa Terran - Winner!

Build Orders:  

Get SALT Encoding   

  12  0:13  Supply Depot  
  12  0:15  SCV  
  13  0:30  SCV  
  14  0:43  SCV  
  14  0:46  Barracks  
  15  0:51  Refinery  
  15  0:55  SCV  
  16  1:07  SCV  
  17  1:19  SCV  
  17  1:22  Barracks  
  18  1:31  SCV  
  19  1:33  Supply Depot  
  19  1:42  Reaper  
  20  1:52  SCV  
  21  1:57  Barracks  
  21  2:04  SCV  
  22  2:12  Refinery  
  22  2:14  Reaper  
  23  2:16  Marine  
  24  2:34  Marine  
  25  2:47  Reaper, Barracks  
  25  2:48  Barracks Reactor  
  26  2:52  Orbital Command, Marine  
  26  3:14  Marine  
  26  3:18  Marine  
  28  3:23  Supply Depot  
  28  3:26  Supply Depot  
  28  3:32  Marine x3  
  31  3:44  Marine  
  32  3:50  Marine x3  
  35  4:02  Marine  
  35  4:03  Marine  
  35  4:07  Marine  
  35  4:08  Marine x2  
  39  4:20  Marine  
  39  4:21  Marine  
  41  4:25  Marine x3  
  44  4:38  Marine  
  44  4:39  Marine  
  44  4:43  Marine x2  
  47  4:52  Supply Depot  
  47  5:13  Marine  
  47  5:14  Marine x4  
  52  5:17  Supply Depot  
Show
View Real Time Build Order
Export as new Build Order

qqq Zerg - Winner!

Build Orders: Hatch First 

Get SALT Encoding   

  12  0:04  Drone  
  13  0:08  Drone  
  14  0:37  Hatchery  
  13  0:52  Spawning Pool  
  12  1:00  Overlord  
  12  1:02  Drone  
  13  1:10  Drone  
  14  1:19  Drone, Extractor  
  14  1:25  Drone  
  15  1:44  Queen  
  17  1:47  Drone  
  17  1:49  Queen  
  17  1:52  Drone  
  21  1:56  Zergling x2  
  21  2:01  Drone  
  23  2:07  Drone  
  24  2:09  Zergling x2  
  25  2:18  Zergling x2  
  25  2:20  Zergling x2  
  27  2:23  Metabolic Boost  
  27  2:37  Zergling x2  
  28  2:47  Overlord x2  
  28  2:48  Overlord  
  28  2:59  Overlord  
  28  3:04  Baneling Nest  
  27  3:06  Zergling x4  
  27  3:09  Zergling x2  
  30  3:13  Drone  
  30  3:18  Zergling x2  
  32  3:20  Zergling x2  
  32  3:23  Drone  
  34  3:30  Drone  
  34  3:31  Zergling x2  
  36  3:42  Zergling x4  
  36  3:43  Zergling x2  
  36  3:44  Zergling x2  
  36  3:46  Drone  
  42  3:48  Zergling x2  
  42  3:50  Baneling  
  42  3:51  Baneling  
  42  3:52  Baneling  
  43  3:55  Drone  
  43  4:03  Baneling x2  
  43  4:04  Baneling  
  43  4:07  Zergling x2  
  43  4:08  Zergling x4  
  46  4:11  Zergling x2  
  46  4:13  Zergling x2  
  42  4:34  Zergling x4  
  42  4:35  Zergling x4  
  42  4:36  Zergling x2  
  45  4:50  Zergling x4  
  45  4:51  Zergling x2  
  45  5:00  Zergling x2  
  45  5:01  Zergling x2  
Tags
 
Add a new tag
Caveats
  • Supply blocks, unpowered buildings, or Contaminate may cause inaccurate times.
  • Supply counts are checked every 10 seconds.